 Dungeon Crawl Stone Soup version 0.27-a0-1280-g9d2d252d84 (webtiles) character file.

Game seed: 9025130398257138392

148228 MordorOrchid the Eclecticist (level 17, -10/121 HPs)
             Began as a Djinni Ice Elementalist on June 13, 2021.
             Was the Champion of Makhleb.
             Mangled by a golden dragon simulacrum (19 damage)
             ... in an ice cave.
             The game lasted 02:44:29 (36738 turns).

MordorOrchid the Eclecticist (DjIE)                Turns: 36738, Time: 02:44:29

Health: -10/121    AC: 10    Str: 17    XL:     17   Next: 77%
Gold:   1628       EV: 15    Int: 23    God:    Makhleb [******] SH: 12 Dex: 11

rFire    + + .     SeeInvis +   y - +6 short sword (venom)
rCold    + . .     Faith    .   l - +0 kite shield
rNeg     + . .     Spirit   .   u - +2 troll leather armour
rPois    ∞         Reflect  .   x - +0 helmet
rElec    .         Harm     .   J - +1 cloak of the Trombone {Str+7}
rCorr    .         Rampage  .   (no gloves)
Will     ++...                  (boots unavailable)
Stlth    ++++......             (no amulet)
HPRegen  1.30/turn              V - ring "Haerhun" {rC+ Str+3 SInv Stlth+}
MPRegen  0.00/turn              R - ring of the Skies Above {rC+ rN+ Will+ Dex-4}

@: forested, flying, studying Shields
A: sickness immunity, fire resistance 2, cold vulnerability 1, float, innate
caster, hp casting, extra vitality 1
}: 1/15 runes: barnacled
a: Renounce Religion, Minor Destruction, Lesser Servant of Makhleb, Major
Destruction, Greater Servant of Makhleb


You were in an ice cave.
You worshipped Makhleb.
Makhleb was exalted by your worship.
You visited 7 branches of the dungeon, and saw 27 of its levels.
You also visited: Bailey and Ice Cave.

You collected 2563 gold pieces.
You spent 935 gold pieces at shops.

Inventory:

Hand Weapons
 a - a +5 spectral dagger
 j - a +3 hunting sling of flaming
 y - a +6 short sword of venom (weapon)
Missiles
 h - 60 poisoned darts
 o - 235 sling bullets
 r - 115 boomerangs (quivered)
 A - 22 throwing nets
 B - 25 javelins
 M - 7 curare-tipped darts
 Q - 18 silver javelins
Armour
 l - a +0 kite shield (worn)
 u - a +2 troll leather armour (worn)
 x - a +0 helmet (worn)
 J - the +1 cloak of the Trombone (worn) {Str+7}
   (You bought it in a shop on level 2 of the Orcish Mines)

   It affects your strength (+7).
 W - +0 acid dragon scales
Magical Staves
 n - a staff of conjuration
Jewellery
 q - a +6 ring of intelligence
 C - a +4 ring of protection
 H - an amulet of faith
 R - the ring of the Skies Above (right hand) {rC+ rN+ Will+ Dex-4}
   (You found it on level 4 of the Shoals)

   [ring of positive energy]

   It affects your dexterity (-4).
   It protects you from cold.
   It protects you from negative energy.
   It increases your willpower.
 T - a ring of wizardry
 V - the ring "Haerhun" (left hand) {rC+ Str+3 SInv Stlth+}
   (You found it on level 12 of the Dungeon)

   [ring of see invisible]

   It affects your strength (+3).
   It protects you from cold.
   It lets you see invisible.
   It makes you more stealthy.
Wands
 g - a wand of polymorph (18)
 t - a wand of paralysis (17)
 E - a wand of iceblast (5)
 I - a wand of mindburst (34)
 N - a wand of flame (113)
 S - a wand of acid (4)
 Z - a wand of charming (7)
Scrolls
 b - 10 scrolls of teleportation
 e - a scroll of fear
 i - a scroll of noise
 k - 7 scrolls of vulnerability
 v - 2 scrolls of silence
 w - 4 scrolls of fog
 G - 2 scrolls of blinking
 K - 6 scrolls of identify
 L - a scroll of magic mapping
 U - a scroll of summoning
 X - a scroll of immolation
Potions
 c - 2 potions of might
 d - 4 potions of curing
 f - 5 potions of attraction
 m - 2 potions of lignification
 p - a potion of invisibility
 s - 3 potions of haste
 z - 5 potions of heal wounds
 D - a potion of ambrosia
 F - 4 potions of resistance
 O - a potion of berserk rage
 P - 7 potions of brilliance
Miscellaneous
 Y - a phantom mirror


   Skills:
 * Level 10.8 Fighting
 - Level 8.0 Short Blades
 * Level 3.7 Throwing
 * Level 5.5 Armour
 * Level 12.1 Dodging
 - Level 6.0 Stealth
 * Level 12.4 Shields
 + Level 15.3 Spellcasting
 * Level 10.2 Invocations
 - Level 8.1 Evocations


You couldn't memorise any spells.
You knew the following spells:

 Your Spells              Type           Power      Damage    Failure   Level
a - Freeze                Ice            100%       1d11      0%          1
b - Frozen Ramparts       Ice            100%       1d12      1%          3
c - Pain                  Necr           100%       1d9       0%          1
d - Petrify               Tmut/Erth      73%        N/A       1%          4
e - Vampiric Draining     Necr           36%        2d11      1%          3
f - Yara's Violent Unrav  Hex/Tmut       36%        3d15      1%          5
g - Blade Hands           Tmut           36%        N/A       1%          6
h - Monstrous Menagerie   Summ           36%        N/A       9%          7
o - Metabolic Englaciati  Hex/Ice        36%        N/A       1%          5
r - Hailstorm             Conj/Ice       73%        3d15      1%          4
s - Summon Forest         Summ/Tloc      36%        N/A       1%          5
y - Ozocubu's Armour      Ice            73%        N/A       1%          3
D - Corpse Rot            Necr/Air       N/A        N/A       0%          2
Your spell library was empty.

Dungeon Overview and Level Annotations

Branches:
Dungeon (12/15)            Temple (1/1) D:5            Lair (6/6) D:11
 Shoals (4/4) Lair:4       Spider (1/4) Lair:4        Slime (0/5) Lair:6
    Orc (2/2) D:12            Elf (1/3) Orc:2        Bailey (visited)
  IceCv (1/1)

Altars:
Ashenzari
Cheibriados
Dithmenos
Elyvilon
Fedhas
Gozag
Hepliaklqana
Kikubaaqudgha
Makhleb
Nemelex Xobeh
Okawaru
Qazlal
Ru
Sif Muna
Trog
Uskayaw
Vehumet
Wu Jian
Xom
Yredelemnul
Zin
The Shining One
Jiyva

Shops:
D:3 !   D:12 (   Orc:2 [?(*:

Portals:
Pandemonium: Orc:2

Annotations:
D:6 Grinder
Shoals:1 Donald, Frances


Innate Abilities, Weirdness & Mutations

You are immune to sickness and miasma.
You are immune to poison.
Your flesh is very heat resistant. (rF++)
You are vulnerable to cold. (rC-)
You float through the air rather than walking.
You learn spells naturally, not from books.
Your magical power is your life essence.
You have superior vitality. (+4 HP)


Message History

A root smacks the golden dragon simulacrum from below!
The golden dragon simulacrum barely misses your dryad.
The golden dragon simulacrum claws your dryad!
The golden dragon simulacrum freezes your dryad!!!
Your dryad dies!
Your dryad's corpse disappears in a puff of smoke!
The forest abruptly stops moving.
You hit the golden dragon simulacrum.
The golden dragon simulacrum is almost destroyed.
The golden dragon simulacrum barely misses you.
The golden dragon simulacrum claws you.
The golden dragon simulacrum freezes you!
You resist.
You block the golden dragon simulacrum's attack.
You hit the golden dragon simulacrum but do no damage.
The golden dragon simulacrum is almost destroyed.
You hit the golden dragon simulacrum but do no damage.
The golden dragon simulacrum is almost destroyed.
The golden dragon simulacrum bites you!
The golden dragon simulacrum freezes you!!
You resist. The golden dragon simulacrum claws you.
The golden dragon simulacrum freezes you!
You resist.
You block the golden dragon simulacrum's attack.
You completely miss the golden dragon simulacrum.
The golden dragon simulacrum is almost destroyed.
Unknown command.
You hit the golden dragon simulacrum.
The golden dragon simulacrum is almost destroyed.
You block the golden dragon simulacrum's attack.
The golden dragon simulacrum misses you.
The golden dragon simulacrum tramples you!
The golden dragon simulacrum freezes you!!
You resist.
* * * LOW HITPOINT WARNING * * *
The golden dragon simulacrum bites you!
* * * LOW HITPOINT WARNING * * *
The golden dragon simulacrum freezes you!!
You resist.
You die...

## #...# ##
♣...♣ #...♣
#...#
###+#...♣+#♣#
#.'.......'.#
##♣.8.♣.8.#
#.'Z......+
♣♣♣@8...8.♣
#.'.......+
♣♣#.8.♣.8.#
♣.'.......+
###♣♣♣+####


You could see a golden dragon simulacrum.

Vanquished Creatures
  Polyphemus (Shoals:4)
  A kraken (Shoals:4)
  Ilsuiw (Shoals:2)
  A frost giant (Shoals:1)
  An orc warlord (Bailey)
  2 entropy weavers (Spider:1)
  4 merfolk javelineers
  5 merfolk impalers
  A fire dragon (Lair:6)
  7 hydras
  Harold (D:7)
  2 merfolk avatars
  2 two-headed ogres (D:12)
  3 merfolk aquamancers (Shoals:4)
  2 alligator snapping turtles (Shoals:4)
  3 death yaks (Shoals:4)
  A satyr (Shoals:3)
  2 tengu warriors
  6 orc high priests (Orc:2)
  A soul eater (Orc:2)
  A sun demon (Orc:2)
  10 sea snakes
  2 gelid demonspawn (Orc:2)
  An infernal demonspawn (Orc:2)
  A lindwurm (Lair:6)
  2 deep elf zephyrmancers (Orc:1)
  3 orc sorcerers
  4 orc knights (Orc:2)
  7 wolf spiders (Spider:1)
  4 fauns
  15 harpies
  4 orb spiders (Spider:1)
  An ugly thing (D:12)
  11 manticores
  3 cyclopes
  10 merfolk sirens
  5 torpor snails (Lair:6)
  9 elephants
  6 water nymphs
  3 black mambas
  A smoke demon (Orc:2)
  10 cane toads
  A rime drake (Lair:6)
  10 komodo dragons
  A tengu conjurer (D:10)
  An ice devil (IceCv)
  A jumping spider (Spider:1)
  19 merfolk
  6 trolls
  4 tyrant leeches (Lair:6)
  6 polar bears
  9 wind drakes
  9 hornets
  13 blink frogs
  A raiju (Lair:6)
  5 snapping turtles
  A dream sheep (Lair:4)
  Sigmund (D:5)
  3 water elementals
  2 tarantellas (Spider:1)
  58 yaks
  A dire elephant simulacrum (IceCv)
  A wraith (D:7)
  3 wyverns
  A basilisk (Lair:1)
  2 steam dragons (Lair:4)
  5 wargs
  3 acid dragons (Spider:1)
  9 hell hounds (Lair:6)
  2 hydra simulacra
  13 water moccasins
  A sky beast (D:6)
  3 ice beasts
  19 orc warriors
  7 black bears
  13 ogres
  A necrophage (D:8)
  9 wolves
  8 centaurs
  A kobold brigand (D:6)
  3 gnoll sergeants
  11 bullfrogs
  A wyvern zombie (D:9)
  2 scorpions
  A water moccasin zombie (D:6)
  A wyvern skeleton (D:6)
  4 wights
  3 electric eels
  A wyvern simulacrum (Lair:5)
  A bullfrog skeleton (D:7)
  5 gnoll shamans (D:9)
  A hound (D:4)
  19 orc priests
  3 iguanas
  9 orc wizards
  A hound zombie (D:5)
  2 howler monkey zombies
  21 gnolls
  An adder (D:2)
  A shadow imp (D:6)
  2 white imps
  2 worms (D:2)
  A dart slug (D:5)
  37 orcs
  6 ball pythons
  12 endoplasms
  6 giant cockroaches
  7 goblins
  9 hobgoblins
  10 jackals
  33 kobolds
  4 quokkas
  8 bats
  4 frilled lizards
  8 rats
653 creatures vanquished.

Vanquished Creatures (collateral kills)
  Gastronok (Lair:3)
  A merfolk avatar (Shoals:3)
  A merfolk aquamancer (Shoals:2)
  A catoblepas (Shoals:4)
  A dancing weapon (Orc:2)
  4 death yaks (Lair:2)
  3 orc high priests (Orc:2)
  Sonja (Lair:3)
  A deep elf knight (Orc:2)
  A sun demon (Orc:2)
  A sixfirhy (Orc:2)
  A fire crab (Lair:6)
  A torturous demonspawn (Orc:2)
  An orb spider (Spider:1)
  3 deep elf pyromancers (Orc:1)
  A harpy (Shoals:4)
  4 deep elf zephyrmancers (Orc:1)
  3 manticores
  7 cyclopes
  2 wolf spiders (Spider:1)
  A merfolk siren (Shoals:3)
  A moth of wrath (Spider:1)
  A faun (Shoals:3)
  A black mamba (Lair:2)
  2 ice statues (IceCv)
  7 elephants
  3 cane toads
  Maggie (Lair:2)
  A tengu conjurer (D:12)
  2 komodo dragons
  3 rime drakes
  A demonic crawler (Lair:4)
  3 freezing wraiths (Spider:1)
  6 ice devils
  3 merfolk
  7 polar bears (Lair:6)
  A snapping turtle (Shoals:3)
  7 dream sheep
  10 blink frogs
  5 redbacks (Spider:1)
  4 tarantellas (Spider:1)
  A wyvern (Lair:6)
  5 water elementals
  24 yaks
  A wraith (Shoals:1)
  4 vampire mosquitoes (D:11)
  4 wargs
  4 water moccasins
  An iron troll simulacrum (IceCv)
  2 hydra simulacra
  5 hell hounds (Lair:6)
  8 black bears
  13 orc warriors
  A centaur (D:11)
  9 wolves
  3 bullfrogs
  A gnoll sergeant (D:11)
  4 scorpions
  5 killer bees (D:10)
  8 orc priests
  A nameless horror (Lair:4)
  A basilisk simulacrum (Lair:5)
  10 gnolls
  16 orcs
  2 goblins (Bailey)
  2 hobgoblins (Bailey)
  6 kobolds (Bailey)
  4 bushes (Lair:2)
  3 tentacles (Shoals:4)
257 creatures vanquished.

Vanquished Creatures (others)
  A cyclops (Shoals:1)
  An orc wizard (Orc:2)
  101 fungi
  299 plants
  13 snaplasher vines
  21 tentacles (Shoals:4)
436 creatures vanquished.

Grand Total: 1346 creatures vanquished

Notes
Turn   | Place    | Note
-------+----------+-------------------------------------------
     0 | D:1      | MordorOrchid the Djinni Ice Elementalist began the quest
                  | for the Orb.
     0 | D:1      | Reached XP level 1. HP: 15/15 MP: 0/0
   337 | D:1      | Reached XP level 2. HP: 16/21 MP: 0/0
   726 | D:1      | Reached XP level 3. HP: 23/26 MP: 0/0
   726 | D:1      | Learned a level 1 spell: Pain
   979 | D:1      | Noticed a golden eye
   985 | D:1      | Found a faded altar of an unknown god.
   987 | D:1      | Noticed a shining eye
   987 | D:1      | Noticed a great orb of eyes
   987 | D:1      | Noticed a shining eye
  1560 | D:1      | Reached XP level 4. HP: 27/31 MP: 0/0
  1726 | D:2      | Reached skill level 1 in Fighting
  2137 | D:2      | Reached skill level 4 in Spellcasting
  2479 | D:2      | Found a snail-covered altar of Cheibriados.
  2849 | D:3      | Found a basalt altar of Yredelemnul.
  2976 | D:3      | Reached XP level 5. HP: 34/37 MP: 0/0
  2976 | D:3      | Learned a level 2 spell: Corpse Rot
  3460 | D:3      | Found Wuvixiqecw's Distillery.
  3468 | D:3      | Bought a potion of heal wounds for 50 gold pieces
  3468 | D:3      | Bought a potion of lignification for 30 gold pieces
  3753 | D:4      | Noticed an ogre
  3789 | D:4      | Killed an ogre
  3790 | D:4      | Reached XP level 6. HP: 8/43 MP: 0/0
  3790 | D:4      | HP: 2/43 [hound (5)]
  4822 | D:5      | Entered Level 5 of the Dungeon
  4984 | D:5      | Reached XP level 7. HP: 38/49 MP: 0/0
  4984 | D:5      | Learned a level 3 spell: Vampiric Draining
  5159 | D:5      | Found a staircase to the Ecumenical Temple.
  5176 | D:5      | Reached skill level 5 in Spellcasting
  5189 | Temple   | Entered the Ecumenical Temple
  5234 | Temple   | Became a worshipper of Makhleb the Destroyer
  5324 | D:5      | Noticed Sigmund
  5331 | D:5      | Killed Sigmund
  5657 | D:5      | Found a glowing silver altar of Zin.
  5681 | D:5      | Reached XP level 8. HP: 36/56 MP: 0/0
  6494 | D:6      | Reached skill level 6 in Spellcasting
  6707 | D:6      | Reached * piety under Makhleb
  6709 | D:6      | Reached skill level 1 in Short Blades
  6957 | D:6      | Reached skill level 5 in Dodging
  7247 | D:6      | Noticed Grinder
  7248 | D:6      | Paralysed by Grinder for 3 turns
  7813 | D:7      | Noticed Harold
  7823 | D:7      | Killed Harold
  7824 | D:7      | Reached skill level 7 in Spellcasting
  7824 | D:7      | Reached XP level 9. HP: 33/63 MP: 0/0
  7824 | D:7      | Learned a level 4 spell: Petrify
  7985 | D:7      | Identified the +0 leather armour of Sedur {+Inv Regen+
                  | Str-2 Int-3}
  8075 | D:7      | Found a broken altar of Ashenzari.
  8318 | D:7      | Noticed a troll
  8326 | D:7      | Killed a troll
  8327 | D:7      | Reached skill level 1 in Invocations
  8327 | D:7      | Reached skill level 1 in Evocations
  8566 | D:7      | Found the +27 Lear's hauberk
  8933 | D:7      | Found an iron altar of Okawaru.
  9527 | D:7      | Reached XP level 10. HP: 18/69 MP: 0/0
  9531 | D:7      | HP: 3/69 [wight (5)]
 10019 | D:8      | Reached skill level 5 in Fighting
 11003 | D:8      | Identified the +8 whip "Duruz" {venom, Dex+6}
 11901 | D:9      | Reached ** piety under Makhleb
 11902 | D:9      | Reached skill level 5 in Short Blades
 11903 | D:9      | Reached skill level 5 in Stealth
 12243 | D:9      | Reached XP level 11. HP: 54/76 MP: 0/0
 12243 | D:9      | Learned a level 5 spell: Summon Forest
 12557 | D:9      | Reached skill level 8 in Spellcasting
 13944 | D:10     | Entered Level 10 of the Dungeon
 14074 | D:10     | Noticed a tengu warrior
 14079 | D:10     | Found an opulent altar of Gozag.
 14107 | D:10     | Killed a tengu warrior
 14447 | D:10     | Reached *** piety under Makhleb
 14503 | D:10     | Found a sparkling altar of Nemelex Xobeh.
 14583 | D:10     | Reached skill level 1 in Shields
 14950 | D:11     | Reached skill level 9 in Spellcasting
 15008 | D:11     | Noticed a manticore
 15203 | D:11     | Killed a manticore
 15312 | D:11     | Noticed a manticore
 15319 | D:11     | Killed a manticore
 15320 | D:11     | Reached XP level 12. HP: 62/83 MP: 0/0
 15954 | D:11     | Found a staircase to the Lair.
 16280 | D:12     | Noticed a two-headed ogre
 16289 | D:12     | Killed a two-headed ogre
 16293 | D:12     | Noticed a tengu warrior
 16303 | D:12     | Killed a tengu warrior
 16497 | D:12     | Found a flagged portal.
 16515 | Bailey   | Entered a bailey
 16520 | Bailey   | Noticed an orc warlord
 16608 | Bailey   | Found a runed translucent gate.
 16611 | Bailey   | Found a runed translucent gate.
 16658 | Bailey   | Reached **** piety under Makhleb
 16849 | Bailey   | Found a runed translucent gate.
 16972 | Bailey   | Killed an orc warlord
 16973 | Bailey   | Reached skill level 5 in Invocations
 17013 | Bailey   | Identified 2 scrolls of acquirement
 17013 | Bailey   | Acquired a manual of Shields
 17015 | Bailey   | Acquired a manual of Spellcasting
 17481 | D:12     | Noticed a two-headed ogre
 17491 | D:12     | Killed a two-headed ogre
 17524 | D:12     | Found a staircase to the Orcish Mines.
 17567 | D:12     | Reached skill level 5 in Evocations
 17625 | D:12     | Found Huliumeemn's Antique Weapon Boutique.
 17902 | D:12     | Noticed a six-headed hydra
 17913 | D:12     | Killed a six-headed hydra
 18108 | D:12     | Identified the ring "Haerhun" {rC+ Str+3 SInv Stlth+}
 18213 | Lair:1   | Entered Level 1 of the Lair of Beasts
 18389 | Lair:1   | Noticed a seven-headed hydra
 18512 | Lair:1   | Reached skill level 10 in Spellcasting
 18550 | Lair:1   | Reached XP level 13. HP: 85/90 MP: 0/0
 18550 | Lair:1   | Learned a level 5 spell: Yara's Violent Unravelling
 18552 | Lair:1   | Killed a seven-headed hydra
 19104 | Lair:1   | Noticed a seven-headed hydra
 19122 | Lair:1   | Killed a seven-headed hydra
 19723 | Lair:2   | Noticed a six-headed hydra
 19742 | Lair:2   | Killed a six-headed hydra
 19744 | Lair:2   | Reached ***** piety under Makhleb
 19745 | Lair:2   | Reached skill level 5 in Shields
 20154 | Lair:2   | Noticed Maggie
 20164 | Lair:2   | Killed Maggie
 20226 | Lair:2   | Reached skill level 11 in Spellcasting
 20288 | Lair:2   | Identified the +1 leather armour of the Vaults {rN+ Str+2
                  | Int-3 SInv}
 20597 | Lair:3   | Noticed Gastronok
 20613 | Lair:3   | Noticed Sonja
 20616 | Lair:3   | Killed Sonja
 20830 | Lair:3   | Killed Gastronok
 21338 | Lair:4   | Found a hole to the Spider Nest.
 21750 | Lair:4   | Reached XP level 14. HP: 97/97 MP: 0/0
 22578 | Lair:4   | Found a staircase to the Shoals.
 22992 | Lair:5   | Reached skill level 12 in Spellcasting
 23169 | Lair:5   | Found a transporter.
 23392 | Lair:5   | Found a transporter.
 23960 | Lair:5   | Identified the +2 falchion of Satyriasis {speed, rCorr
                  | Str+2}
 23986 | Lair:6   | Entered Level 6 of the Lair of Beasts
 24792 | Lair:6   | Reached ****** piety under Makhleb
 24951 | Lair:6   | Found a viscous altar of Jiyva.
 24951 | Lair:6   | Found a staircase to the Slime Pits.
 25142 | Lair:6   | Found a runed translucent door.
 25159 | Lair:6   | Reached skill level 10 in Dodging
 25375 | Lair:6   | Reached skill level 13 in Spellcasting
 26361 | Lair:6   | Reached XP level 15. HP: 100/104 MP: 0/0
 26361 | Lair:6   | Learned a level 6 spell: Blade Hands
 27271 | Orc:1    | Entered Level 1 of the Orcish Mines
 27915 | Orc:2    | Entered Level 2 of the Orcish Mines
 28703 | Orc:2    | Found a staircase to the Elven Halls.
 28873 | Orc:2    | Found Jebaita's Antique Armour Shop.
 28876 | Orc:2    | Bought a pair of distressingly furry gloves for 256 gold
                  | pieces
 28876 | Orc:2    | Identified the -3 pair of gloves of the Slug {rF+} (You
                  | bought it in a shop on level 2 of the Orcish Mines)
 28876 | Orc:2    | Bought a heavily runed cloak for 256 gold pieces
 28876 | Orc:2    | Identified the +1 cloak of the Trombone {Str+7} (You bought
                  | it in a shop on level 2 of the Orcish Mines)
 29047 | Orc:2    | Found Meepaivy's Magic Scroll Shop.
 29361 | Orc:2    | Reached skill level 14 in Spellcasting
 29374 | Orc:2    | Found Lawnul's General Store.
 29393 | Orc:2    | Reached skill level 1 in Armour
 29898 | Orc:2    | Bought a scroll of blinking for 97 gold pieces
 29898 | Orc:2    | Bought a scroll of blinking for 97 gold pieces
 29898 | Orc:2    | Bought a scroll of blinking for 97 gold pieces
 29898 | Orc:2    | Bought a scroll of fog for 26 gold pieces
 29898 | Orc:2    | Bought a scroll of identify for 26 gold pieces
 31206 | Orc:2    | Reached skill level 10 in Shields
 31344 | Orc:2    | Found Ydeok's Antique Weapon Shoppe.
 31344 | Orc:2    | Found Xeuff's Book Emporium.
 31344 | Orc:2    | Found a one-way gate leading to the halls of Pandemonium.
 31399 | Elf:1    | Entered Level 1 of the Elven Halls
 32049 | Shoals:1 | Entered Level 1 of the Shoals
 32121 | Shoals:1 | Reached XP level 16. HP: 112/112 MP: 0/0
 32190 | Shoals:1 | Noticed a frost giant
 32205 | Shoals:1 | Killed a frost giant
 32228 | Shoals:1 | Noticed Frances
 32453 | Shoals:1 | Noticed Donald
 32893 | Shoals:2 | Reached skill level 1 in Throwing
 33003 | Shoals:2 | Noticed Ilsuiw
 33251 | Shoals:2 | Reached skill level 10 in Fighting
 33675 | Shoals:2 | Killed Ilsuiw
 34480 | Shoals:4 | Entered Level 4 of the Shoals
 34768 | Shoals:4 | Noticed a kraken
 34810 | Shoals:4 | Reached skill level 15 in Spellcasting
 34810 | Shoals:4 | Reached XP level 17. HP: 95/120 MP: 0/0
 34810 | Shoals:4 | Learned a level 7 spell: Monstrous Menagerie
 34952 | Shoals:4 | HP: 5/120 [tentacle[a kraken] (24)]
 35034 | Shoals:4 | Killed a kraken
 35067 | Shoals:4 | Got a barnacled rune of Zot
 35383 | Shoals:4 | Noticed Polyphemus
 35412 | Shoals:4 | Killed Polyphemus
 35520 | Shoals:4 | Reached skill level 5 in Armour
 35756 | Shoals:4 | Reached skill level 10 in Invocations
 35763 | Shoals:4 | Identified the ring of the Skies Above {rC+ rN+ Will+
                  | Dex-4}
 36281 | Spider:1 | Entered Level 1 of the Spider Nest
 36421 | Spider:1 | Found a frozen archway.
 36479 | IceCv    | Entered an ice cave
 36738 | IceCv    | Mangled by a golden dragon simulacrum

Illustrated notes

Levels and vault maps discovered:
D:1:      dpeg_arrival_rooms_c, layout_basic,
          hellmonk_ecumenical_altar_watching_god, minmay_crystal_water,
          minmay_ruptured
D:2:      layout_basic, basic_altar, minmay_split_cup_small
D:3:      layout_loops_ring, yredelemnul_altar_generic, serial_shops,
          nicolae_shop_temple_entry_statues_fountains, roderic_lattice_a
D:4:      layout_cave_pods, kiku_gazebo_pond_becter
D:5:      layout_loops_cross, kennysheep_mini,
          minmay_temple_entry_statues_fountains, chequers_decorated_corner,
          grunt_ministairs_6, uniq_sigmund
D:6:      kennysheep_kobold_camp, layout_basic, overflow_temple_1_default,
          minmay_misc_feat_iff, uniq_grinder
D:7:      layout_cave_pools, pf_just_have_faith, okawaru_altar_gauntlet_db,
          dk_noncrumbling_3, hellmonk_guarded_unrand_lears, uniq_harold
D:8:      layout_layer_cave, eino_small_chamber_without_monster,
          water_maze_lemuel
D:9:      kennysheep_seaside_town, layout_loops_ring
D:10:     layout_irregular_city, nemelex_altar_shiori,
          overflow_temple_1_default, serial_rivers,
          chequers_serial_rivers_room_a, chequers_serial_rivers_small_a,
          chequers_serial_rivers_room_b, chequers_serial_rivers_small_a
D:11:     layout_irregular_city, due_lair_maze_entry_diamond
D:12:     layout_basic, orc_0_dummy, serial_shops, shop, enter_bailey_5,
          kb_tengu_band
Temple:   eino_temple_water
Lair:1:   layout_cellular_growth, chequers_serial_rivers_large_b
Lair:2:   layout_regular_city, serial_forest, infiniplex_forest_clump_long,
          infiniplex_forest_clump_double, infiniplex_forest_clump_curved,
          infiniplex_forest_lined_room_3, infiniplex_forest_3_way,
          infiniplex_forest_split, infiniplex_forest_lined_room_2,
          infiniplex_forest_pool, uniq_maggie
Lair:3:   layout_concentric_octagons, uniq_sonja, uniq_gastronok
Lair:4:   layout_cellular_growth, elwin_shoals_entry_rooms, dummy_spider_entry,
          grunt_megastairs_5, serial_bayou_shore_a, infiniplex_staircase_pool_2,
          lemuel_fruit_fields
Lair:5:   gammafunk_cloud_chamber, layout_cave_pods
Lair:6:   wormcave, layout_concentric_octagons,
          hangedman_lair_caniforms_friends, slime_altar_1, serial_bayou_crossing
Shoals:1: layout_shoals, st_shoals_ruin, uniq_josephine, uniq_frances,
          uniq_donald
Shoals:2: layout_shoals, uniq_ilsuiw
Shoals:3: layout_shoals
Shoals:4: shoals_end_hangedman, layout_shoals, uniq_polyphemus
Spider:1: layout_spider_delve, portal_ice_cave_entry_frozen_things, drop_trap,
          nicolae_spider_acid_house
Orc:1:    layout_diamond_mine, basic_altar, elves_outpost_lemuel, uniq_fannar
Orc:2:    pf_orc_diabolical, layout_caves, serial_shops,
          nicolae_shop_behind_doors
Elf:1:    elf_arrival_001, layout_geoelf_octagon, minmay_elf_necromancy,
          grunt_ministairs_13, uniq_louise, uniq_jorgrun
IceCv:    ice_cave_tombish

Skill      XL: |  1  2  3  4  5  6  7  8  9 10 11 12 13 14 15 16 17 |
---------------+----------------------------------------------------+-----
Stealth        | 2 3 5 6 |  6.0
Fighting       | 1 2 3 4 5 6 7 8 9 10 | 10.8
Spellcasting   | 4 5 7 9 10 11 13 14 15 | 15.3
Dodging        | 3 4 5 6 7 8 9 10 11 12 | 12.1
Short Blades   | 3 4 5 6 7 8 |  8.0
Invocations    | 1 3 4 5 6 7 8 9 10 | 10.2
Evocations     | 1 3 4 5 6 7 8 |  8.1
Shields        | 1 3 6 8 10 11 12 | 12.4
Armour         | 2 4 5 |  5.5
Throwing       | 2 3 |  3.7

Action                   |  1- 3 |  4- 6 |  7- 9 | 10-12 | 13-15 | 16-18 || total
-------------------------+-------+-------+-------+-------+-------+-------++-------
Melee: Dagger            |     4 |    49 |   128 |    48 |       |       ||   229
       Short sword       |       |       |       |   172 |   466 |   414 ||  1052
 Fire: Hunting sling     |       |       |       |       |    41 |       ||    41
Throw: Dart              |       |       |    20 |    27 |    43 |    25 ||   115
       Boomerang         |       |       |       |       |     2 |     5 ||     7
 Cast: Freeze            |    47 |    34 |     6 |     3 |    20 |     3 ||   113
       Frozen Ramparts   |     1 |    16 |    16 |    31 |    68 |    17 ||   149
       Ozocubu's Armour  |     1 |     5 |    12 |    16 |    22 |     9 ||    65
       Vampiric Draining |       |       |    14 |     9 |    31 |    22 ||    76
       Hailstorm         |       |       |    16 |    41 |    41 |    41 ||   139
       Corpse Rot        |       |       |     2 |       |     1 |       ||     3
       Petrify           |       |       |     5 |    62 |   105 |    98 ||   270
       Summon Forest     |       |       |       |    24 |    58 |    34 ||   116
       Yara's Violent Un |       |       |       |       |       |     2 ||     2
       Monstrous Menager |       |       |       |       |       |    10 ||    10
Evoke: Wand              |       |       |     1 |     3 |    25 |    63 ||    92
  Use: Scroll            |       |     4 |     2 |    15 |    20 |     9 ||    50
       Potion            |       |     1 |     1 |       |     3 |     2 ||     7
 Stab: Sleeping          |     2 |     2 |       |     5 |     6 |     2 ||    17
       Petrifying        |       |       |     4 |     6 |    15 |    18 ||    43
       Petrified         |       |       |     3 |    71 |   148 |   139 ||   361
       Distracted        |       |       |       |     1 |     6 |     1 ||     8
       Confused          |       |       |       |       |       |     1 ||     1
Armor: Robe              |     5 |    19 |    29 |    12 |    57 |       ||   122
       Skin              |       |       |    14 |       |       |       ||    14
       Troll leather arm |       |       |       |       |       |    81 ||    81
Dodge: Dodged            |    20 |    47 |    76 |   100 |   186 |   201 ||   630
Block: Kite shield       |       |       |       |       |   169 |   233 ||   402

Table legend: (Time is in decaauts)
 A = Elapsed time spent in this place.
 B = Non-inter-level travel time spent in this place.
 C = Inter-level travel time spent in this place.
 D = Time resting spent in this place.
 E = Time spent auto-exploring this place.
 F = Levels seen in this place.
 G = Mean time per level.
                   A        B        C        D        E       F      G
               +--------+--------+--------+--------+--------+-----+--------+
         Total |  36561 |  35022 |   1539 |   5089 |  21173 |  29 | 1260.7 |
       Dungeon |  17747 |  17068 |    679 |   2028 |  12842 |  12 | 1478.9 |
        Temple |     55 |     45 |     10 |      0 |      0 |   1 |   55.0 |
          Lair |   9215 |   8677 |    538 |    470 |   6461 |   6 | 1535.8 |
        Shoals |   4124 |   3934 |    190 |    925 |      0 |   4 | 1031.0 |
   Spider Nest |    106 |    106 |      0 |      9 |      0 |   1 |  106.0 |
  Orcish Mines |   4544 |   4424 |    120 |   1554 |   1558 |   2 | 2272.0 |
   Elven Halls |      5 |      5 |      0 |      0 |      0 |   1 |    5.0 |
        Bailey |    505 |    505 |      0 |      0 |    312 |   1 |  505.0 |
      Ice Cave |    256 |    256 |      0 |    103 |      0 |   1 |  256.0 |
               +--------+--------+--------+--------+--------+-----+--------+

Top non-repeatable levels by time:
   Orc:2: 3896 daAuts
  Lair:6: 3074 daAuts
     D:7: 2147 daAuts
     D:9: 2089 daAuts
     D:6: 1927 daAuts
     D:1: 1648 daAuts
Shoals:4: 1645 daAuts
    D:11: 1587 daAuts
     D:8: 1586 daAuts
  Lair:4: 1528 daAuts
  Lair:1: 1316 daAuts
    D:12: 1314 daAuts
     D:5: 1284 daAuts
  Lair:5: 1275 daAuts
Shoals:2: 1187 daAuts
